 Dungeon Crawl Stone Soup version 0.30-a0-1053-gbd8d5ba0ad (webtiles) character file.

Game seed: 12874520948414678197

1228 bmack86 the Chopper (level 8, -2/70 HPs)
             Began as a Minotaur Fighter on Apr 12, 2023.
             Was a Priest of Okawaru.
             Slain by a yak (8 damage)
             ... on level 6 of the Dungeon.
             The game lasted 00:10:25 (3816 turns).

bmack86 the Chopper (Minotaur Fighter)              Turns: 3816, Time: 00:10:26

Health: -2/70      AC: 10    Str: 19    XL:     8   Next: 23%
Magic:  6/9        EV:  9    Int:  5    God:    Okawaru [***...]
Gold:   226        SH:  9    Dex: 11    Spells: 7/7 levels left

rFire   . . .      SeeInvis .    a - +0 war axe
rCold   . . .      Faith    .    i - +0 kite shield
rNeg    + + .      Spirit   .    y - +3 ring mail {Will+}
rPois   +          Reflect  .    (helmet restricted)
rElec   .          Rampage  .    (no cloak)
rCorr   +                        B - +0 pair of gloves "Ubyuwof" {rN++ Regen+ rCorr Str-3}
Will    +....                    (no boots)
Stlth   +                        (no amulet)
HPRegen 1.11/turn                k - ring of poison resistance
MPRegen 0.11/turn                p - ring of flight

@: mighty, flying
A: horns 2, retaliatory headbutt
a: Renounce Religion, Heroism


You were on level 6 of the Dungeon.
You worshipped Okawaru.
Okawaru was most pleased with you.
You visited 2 branches of the dungeon, and saw 7 of its levels.

You collected 226 gold pieces.

Inventory:

Hand Weapons
 a - a +0 war axe (weapon)
 s - a +0 war axe
Missiles
 g - 5 boomerangs (quivered)
 q - 2 silver boomerangs
 u - 4 javelins
 D - a throwing net
Armour
 b - a +0 scale mail
 c - a +0 buckler
 i - a +0 kite shield (worn)
 v - a +0 chain mail
 y - a +3 ring mail of willpower (worn)
 B - the +0 pair of gloves "Ubyuwof" (worn) {rN++ Regen+ rCorr Str-3}
   (You found it on level 5 of the Dungeon)

   Str:       It affects your strength (-3).
   rN:        It greatly protects you from negative energy.
   Regen:     It increases your rate of health regeneration.
   rCorr:     It protects you from acid and corrosion.
Jewellery
 k - a ring of poison resistance (left hand)
 o - a ring of fire
 p - a ring of flight (right hand)
 t - a ring of fire
 x - a ring of protection from cold
Scrolls
 e - 3 scrolls of teleportation
 r - a scroll of vulnerability
 A - a scroll of poison {unknown}
 C - a scroll of noise {unknown}
 E - 2 scrolls of blinking
Potions
 j - a potion of lignification
 m - a potion of brilliance
 n - a potion of haste {unknown}
 w - a potion of attraction {unknown}
 z - a potion of curing {unknown}


   Skills:
 + Level 5.8 Fighting
 * Level 7.0 Axes
 + Level 3.2 Throwing
 + Level 5.9 Armour
 + Level 5.8 Shields
 + Level 2.9 Invocations


You had 7 spell levels left.
You didn't know any spells.
Your spell library contained the following spells:

 Spells                   Type           Power      Damage    Failure   Level
 Freeze                   Ice            0%         1d3       94%         1
 Slow                     Hex            0%         N/A       94%         1
 Ensorcelled Hibernation  Hex/Ice        0%         N/A       98%         2
 Static Discharge         Conj/Air       0%         2-2/arc   98%         2
 Confusing Touch          Hex            0%         N/A       100%        3
 Frozen Ramparts          Ice            0%         1d1       100%        3
 Hailstorm                Conj/Ice       0%         3d3       100%        3
 Spider Form              Tmut/Pois      0%         N/A       100%        3
 Vampiric Draining        Necr           0%         2d6       100%        3
 Airstrike                Air            0%         2d(0-16)  100%        4
 Anguish                  Hex/Necr       0%         N/A       100%        4
 Summon Lightning Spire   Summ/Air       Unusable   N/A       N/A         4

Dungeon Overview and Level Annotations

Branches:
Dungeon (6/15)             Temple (1/1) D:4

Altars:
Ashenzari
Cheibriados
Elyvilon
Fedhas
Gozag
Kikubaaqudgha
Makhleb
Okawaru
Qazlal
Sif Muna
Uskayaw
Vehumet
Wu Jian
Xom
Yredelemnul
Zin
The Shining One

Annotations:
D:4 1 runed translucent door


Innate Abilities, Weirdness & Mutations

You have a pair of horns on your head.
You reflexively headbutt those who attack you in melee.


Message History

You completely miss the yak. You slash the yak!
You kill the yak!
Okawaru is honoured by your kill. You block the yak's attack.
The orc warrior closely misses you.
The sky beast hits you but does no damage.
You hit the yak.
The yak is severely wounded.
You barely miss the sky beast. You hit the orc warrior.
You kill the orc warrior!
Okawaru accepts your kill.
You hit the yak. You block the yak's attack.
The yak gores you but does no damage. The sky beast hits you.
* * * LOW HITPOINT WARNING * * *
The sky beast shocks you.
* * * LOW HITPOINT WARNING * * *
You slash the yak!
You kill the yak!
Okawaru is honoured by your kill.
You slash the sky beast!
You kill the sky beast!
Okawaru accepts your kill.
You hit the yak. You barely miss the yak. The yak gores you!
* * * LOW HITPOINT WARNING * * *
You block the yak's attack.
Your base Axes skill increases to level 7!
Your base Throwing skill increases to level 3!
You have reached level 8!
You feel agile.
You barely miss the yak. You headbutt the yak!!
The yak is severely wounded.
You slash the yak! You block the yak's attack. The yak closely misses you.
Unknown command.
You slice the yak!!
You kill the yak!
Okawaru is honoured by your kill.
Okawaru will now gift you throwing weapons as you gain piety.
You hit the yak.
You feel like a meek peon again. The yak gores you!
You die...

##### ....#
...# ...##
##...##
##†)Y..##
#.)@....#
#<†.....#
#.......>...#
####.......##
#........#
#.........#
.(.#.......#
..####.....##
## ##...##


You could see a yak.

Vanquished Creatures
  3 yaks (D:6)
  An orc warrior (D:6)
  A sky beast (D:6)
  A black bear (D:6)
  A phantom (D:5)
  3 scorpions (D:5)
  A hound (D:5)
  2 orc priests (D:5)
  Terence (D:3)
  2 orc wizards
  An iguana (D:4)
  4 gnolls (D:2)
  6 adders
  An ufetubus (D:5)
  A worm (D:4)
  5 dart slugs
  19 orcs
  9 ball pythons
  6 endoplasms
  4 giant cockroaches
  5 goblins
  5 hobgoblins
  3 jackals (D:1)
  4 quokkas
  5 bats
  3 frilled lizards
  A goblin zombie (D:4)
  7 kobolds
  5 rats
110 creatures vanquished.

Notes
Turn   | Place    | Note
-------+----------+-------------------------------------------
     0 | D:1      | bmack86 the Minotaur Fighter began the quest for the Orb.
     0 | D:1      | Reached XP level 1. HP: 19/19 MP: 0/0
    56 | D:1      | Reached XP level 2. HP: 24/27 MP: 1/1
    87 | D:1      | Reached skill level 3 in Axes
   421 | D:1      | Reached XP level 3. HP: 33/33 MP: 2/2
  1179 | D:2      | Reached XP level 4. HP: 30/40 MP: 3/3
  1184 | D:2      | Reached skill level 4 in Axes
  1685 | D:3      | Noticed Terence
  1698 | D:3      | Reached skill level 1 in Throwing
  1701 | D:3      | Killed Terence
  1702 | D:3      | Reached XP level 5. HP: 18/47 MP: 4/4
  1872 | D:3      | Found a large runed translucent door.
  1873 | D:3      | Found a large runed translucent door.
  1884 | D:3      | Found a shimmering altar of Xom.
  1894 | D:3      | Found an ornate altar of the Wu Jian Council.
  2013 | D:3      | Found a snail-covered altar of Cheibriados.
  2173 | D:4      | Found a staircase to the Ecumenical Temple.
  2196 | Temple   | Entered the Ecumenical Temple
  2244 | Temple   | Became a worshipper of Warmaster Okawaru
  2443 | D:4      | Found a runed translucent door.
  2443 | D:4      | Noticed a human
  2444 | D:4      | Found a basalt altar of Yredelemnul.
  2721 | D:4      | Found a glowing golden altar of the Shining One.
  3041 | D:5      | Entered Level 5 of the Dungeon
  3131 | D:5      | Reached skill level 5 in Axes
  3131 | D:5      | Reached XP level 6. HP: 47/53 MP: 5/5
  3136 | D:5      | Reached skill level 1 in Invocations
  3153 | D:5      | Found a hide-covered altar of Uskayaw.
  3164 | D:5      | Reached skill level 5 in Armour
  3166 | D:5      | Reached * piety under Okawaru
  3167 | D:5      | Reached skill level 5 in Fighting
  3384 | D:5      | Reached skill level 5 in Shields
  3384 | D:5      | Reached XP level 7. HP: 59/61 MP: 7/7
  3554 | D:5      | Identified the +0 pair of gloves "Ubyuwof" {rN++ Regen+
                  | rCorr Str-3}
  3795 | D:6      | Reached skill level 6 in Axes
  3799 | D:6      | Noticed a yak
  3801 | D:6      | Noticed a yak
  3803 | D:6      | Noticed a yak
  3804 | D:6      | Noticed a yak
  3812 | D:6      | Killed a yak
  3813 | D:6      | Reached ** piety under Okawaru
  3814 | D:6      | Killed a yak
  3814 | D:6      | HP: 3/61 [yak (8)]
  3815 | D:6      | Reached skill level 7 in Axes
  3815 | D:6      | Reached XP level 8. HP: 4/70 MP: 6/9
  3816 | D:6      | Reached *** piety under Okawaru
  3816 | D:6      | Slain by a yak

Illustrated notes

Levels and vault maps discovered:
D:1:      minmay_arrival_wavy_path, layout_basic
D:2:      layout_loops_ring, kennysheep_generic_room_4
D:3:      layout_basic, jmf_multi_god_temple2, mainiacjoe_overflow_paths,
          uniq_terence
D:4:      layout_loops_ring, tso_metal_star, dk_yredelemnul_ordeal,
          minmay_temple_entry_butterflies
D:5:      layout_basic, mainiacjoe_overflow_six_doors_small,
          chequers_serial_rivers_micro_c
D:6:      layout_rooms, serial_shops, shop, guppyfry_early_elven_hall
Temple:   minmay_temple_curvy_loop

Skill      XL: |  1  2  3  4  5  6  7 |
---------------+----------------------+-----
Axes           | 3 4 5 7 |  7.0
Fighting       | 4 5 |  5.8
Armour         | 4 5 |  5.9
Shields        | 4 5 |  5.8
Throwing       | 1 2 3 |  3.2
Invocations    | 1 2 |  2.9

Action                     |  1- 3 |  4- 6 |  7- 9 || total
---------------------------+-------+-------+-------++-------
  Melee: War axe           |    77 |   120 |    22 ||   219
         Headbutt          |    11 |    14 |     7 ||    32
  Throw: Boomerang         |     6 |     6 |     2 ||    14
 Invoke: Heroism           |       |       |     1 ||     1
    Use: Scroll            |     2 |     6 |     2 ||    10
         Potion            |       |     1 |     2 ||     3
 Armour: Scale mail        |    47 |    18 |       ||    65
         Ring mail         |       |    34 |     9 ||    43
         Chain mail        |       |     7 |       ||     7
  Dodge: Dodged            |    48 |    47 |    18 ||   113
  Block: Buckler           |    14 |       |       ||    14
         Kite shield       |    12 |    69 |    28 ||   109

Table legend: (Time is in decaauts)
 A = Elapsed time spent in this place.
 B = Non-inter-level travel time spent in this place.
 C = Inter-level travel time spent in this place.
 D = Time resting spent in this place.
 E = Time spent auto-exploring this place.
 F = Levels seen in this place.
 G = Mean time per level.
                   A        B        C        D        E       F      G
               +--------+--------+--------+--------+--------+-----+--------+
         Total |   3907 |   3846 |     61 |     60 |   2550 |   7 |  558.1 |
       Dungeon |   3712 |   3651 |     61 |     60 |   2435 |   6 |  618.7 |
        Temple |    194 |    194 |      0 |      0 |    115 |   1 |  194.0 |
               +--------+--------+--------+--------+--------+-----+--------+

Top non-repeatable levels by time:
     D:1: 851 daAuts
     D:5: 765 daAuts
     D:2: 763 daAuts
     D:4: 719 daAuts
     D:3: 581 daAuts
  Temple: 194 daAuts
     D:6: 31 daAuts
